 Dungeon Crawl Stone Soup version 0.23.1-37-gaa34b87b72 (webtiles) character file.

Game seed: 18425814935853779533

14192 PikkenKukken the Grappler (level 11, -6/111 HPs)
             Began as a Troll Transmuter on Mar 26, 2019.
             Was an Elder of Ashenzari.
             Mangled by an eight-headed hydra (10 damage)
             ... on level 9 of the Dungeon.
             The game lasted 00:30:23 (10786 turns).

PikkenKukken the Grappler (Troll Transmuter)       Turns: 10786, Time: 00:30:24

Health: -6/111     AC:  5    Str: 20    XL:     11   Next: 85%
Magic:  1/16       EV: 25    Int: 11    God:    Ashenzari [****..]
Gold:   794        SH:  0    Dex: 16    Spells: 8/18 levels left

rFire    . . .     SeeInvis +     - Unarmed
rCold    . . .     Gourm    +   (shield currently unavailable)
rNeg     . . .     Faith    +   (armour currently unavailable)
rPois    x         Spirit   .   (helmet currently unavailable)
rElec    .         Reflect  .   (cloak currently unavailable)
rCorr    +         Harm     .   (gloves unavailable)
MR       .....     Clarity  +   (boots unavailable)
Stlth    +.........             r - amulet of faith (curse)
HPRegen  0.68/turn              k - ring of resist corrosion
MPRegen  0.15/turn              h - +3 ring of protection (curse)

@: spider-form
A: tiny, unfitting armour, fast metabolism 3, gourmand, regeneration 1
a: End Transformation, Curse Item, Scrying, Renounce Religion


You were on level 9 of the Dungeon.
You worshipped Ashenzari.
Ashenzari was greatly pleased with you.
You were very full.
You were a venomous arachnid creature.
You visited 2 branches of the dungeon, and saw 12 of its levels.

You collected 794 gold pieces.

Inventory:

Missiles
 a - 175 arrows
Armour
 b - a +1 robe
 E - a +0 robe of magic resistance (melded)
Jewellery
 h - a cursed +3 ring of protection (right front leg)
 i - an uncursed ring of positive energy
 k - a ring of resist corrosion (left front leg)
 r - a cursed amulet of faith (around neck)
 G - an uncursed ring of positive energy
Wands
 t - a wand of enslavement (9)
 x - a wand of iceblast (5)
 C - a wand of digging (4)
Scrolls
 c - 2 scrolls of teleportation
 j - 2 scrolls of noise
 m - 3 scrolls of enchant weapon
 p - 2 scrolls of amnesia
 q - 2 scrolls of blinking
 u - 2 scrolls of identify
 y - 4 scrolls of fog
 H - a scroll of remove curse
Potions
 e - 8 potions of curing
 f - a potion of heal wounds
 g - a potion of cancellation
 l - 2 potions of agility
 n - 2 potions of mutation
 o - 3 potions of flight
 s - 3 potions of resistance
 v - 3 potions of brilliance
 w - 3 potions of might
 z - 2 potions of lignification
 A - 2 potions of haste
 B - a potion of invisibility
 D - 2 potions of magic
Comestibles
 d - 16 rations
 F - 5 chunks of flesh


   Skills:
 - Level 8.0 Fighting
 - Level 4.0 Armour
 + Level 6.9 Dodging
 + Level 9.9 Unarmed Combat
 - Level 4.0 Spellcasting
 - Level 5.0(7.2) Transmutations
 - Level 3.6(5.7) Ice Magic
 - Level 1.2(2.7) Poison Magic


You had 8 spell levels left.
You knew the following spells:

 Your Spells              Type           Power        Failure   Level  Hunger
a - Beastly Appendage     Tmut           ###...       6%          1    #......
b - Sticks to Snakes      Tmut           ###.....     8%          2    ##.....
c - Spider Form           Tmut/Pois      ##........   24%         3    ###....
d - Ice Form              Ice/Tmut       ###.....     34%         4    #####..

Your spell library contained the following spells:

 Spells                   Type           Power        Failure   Level  Hunger
 Throw Frost              Conj/Ice       #.....       26%         2    ##.....
 Ignite Poison            Fire/Tmut/Pois #.......     36%         3    ###....
 Sublimation of Blood     Necr           #.........   54%         2    ##.....
 Throw Flame              Conj/Fire      #.....       54%         2    ##.....
 Blade Hands              Tmut           ###.......   54%         5    ######.
 Alistair's Intoxication  Tmut/Pois      ##......     83%         5    ######.
 Animate Dead             Necr           N/A          98%         4    #####..
 Borgnjor's Vile Clutch   Necr/Erth      #.........   100%        5    ######.
 Fireball                 Conj/Fire      #.........   100%        5    ######.
 Freezing Cloud           Conj/Ice/Air   #.........   100%        6    #######


Dungeon Overview and Level Annotations

Branches:
Dungeon (10/15)            Temple (0/1) D:5            Lair (2/6) D:9
 Spider (0/4) Lair:2          Orc (0/2) D:10
  Swamp: Lair:2-4    Shoals: Lair:2-4

Altars:
Ashenzari
Gozag
Hepliaklqana
Makhleb
Trog
Uskayaw
Wu Jian
Yredelemnul
Zin
Jiyva

Annotations:
D:7 exclusion: killer bee
D:8 3 runed translucent doors, luab's ghost, novice GnVM
Lair:2 2 exclusions


Innate Abilities, Weirdness & Mutations

You are too large for most types of armour.
((You have claws for hands.))
Your metabolism is lightning-fast.
You like to eat raw meat.
Your natural rate of healing is unusually fast.
((You are covered in fur. (AC +1)))
((You have extremely tough skin. (AC +3)))


Message History

The eight-headed hydra misses you. The eight-headed hydra bites you.
* * * LOW HITPOINT WARNING * * *
The eight-headed hydra misses you.
The eight-headed hydra completely misses you. x3
Your ball python bites the eight-headed hydra.
Your adder barely misses the eight-headed hydra.
Your ball python bites the eight-headed hydra.
You bite the eight-headed hydra!
The eight-headed hydra is almost dead.
Your ball python barely misses the eight-headed hydra.
The eight-headed hydra bites you!
* * * LOW HITPOINT WARNING * * *
The eight-headed hydra bites you.
* * * LOW HITPOINT WARNING * * *
The eight-headed hydra bites you.
* * * LOW HITPOINT WARNING * * *
The eight-headed hydra closely misses you.
The eight-headed hydra completely misses you.
The eight-headed hydra bites you!
You die...

..+...###.......#.##.....<.######
..##### #.........##.......#.....
..# #...###...###......'.#### ..#
#...##.....##......### ..#
#...#.......#'###### ..#
###.#..........#### ###
#...............# ### ###
#...........###.# # ..#
#.###...SSs.....# #.# # ..#
##.###..SDS....####'####### ..#
##.##.........#.....#...## ..#
##.##.[P....##.###.#.#.## ..#
##.#[......##...#...#.## ..#
####.#.....#####.########
..#######...#.#...###'...#.......
..'....)....[....## ##.#######.#.
..#######.######## #.........##


You could see an eight-headed hydra, a friendly adder and 3 friendly ball
pythons.

Vanquished Creatures
  Erica (D:9)
  2 two-headed ogres
  4 spiny frogs
  2 rime drakes
  Grinder (D:6)
  7 blink frogs
  3 hippogriffs
  2 hornets
  A wyvern (D:9)
  8 yaks
  4 wargs
  3 porcupines
  4 water moccasins
  3 ice beasts
  4 orc warriors
  A black bear (D:9)
  8 ogres
  A phantom (D:7)
  4 centaurs
  5 crocodiles
  A gnoll sergeant (D:8)
  9 bullfrogs
  7 scorpions
  A wyvern skeleton (D:7)
  8 wights
  10 killer bees
  A howler monkey (D:9)
  A bullfrog zombie (D:8)
  A crimson imp (D:5)
  A centaur skeleton (D:7)
  5 hounds
  A jelly (D:10)
  A gnoll shaman (D:6)
  13 orc priests
  5 iguanas
  Ijyb (D:4)
  11 orc wizards
  9 worker ants
  A killer bee zombie (D:6)
  A worker ant zombie (D:10)
  11 gnolls
  10 adders
  2 oozes
  3 adder skeletons
  5 worms
  A dart slug (D:3)
  4 leopard geckos
  37 orcs
  4 bats
  7 giant cockroaches
  9 goblins
  7 hobgoblins
  14 jackals
  4 quokkas
  A ball python (D:2)
  12 frilled lizards
  6 kobolds
  A quokka skeleton (D:7)
  4 rats
298 creatures vanquished.

Vanquished Creatures (collateral kills)
  An orc warrior (D:4)
1 creature vanquished.

Grand Total: 299 creatures vanquished

Notes
Turn   | Place    | Note
-------+----------+-------------------------------------------
     0 | D:1      | PikkenKukken the Troll Transmuter began the quest for the
                  | Orb.
     0 | D:1      | Reached XP level 1. HP: 18/18 MP: 1/1
    63 | D:1      | Reached skill level 1 in Fighting
    96 | D:1      | Reached XP level 2. HP: 26/27 MP: 2/2
   101 | D:1      | Learned a level 2 spell: Sticks to Snakes
   524 | D:1      | Reached XP level 3. HP: 31/33 MP: 1/3
   853 | D:2      | Found a shattered altar of Ashenzari.
   872 | D:2      | Became a worshipper of Ashenzari the Shackled
  1161 | D:2      | Found a bloodstained altar of Trog.
  1239 | D:2      | Found a burning altar of Makhleb.
  1239 | D:2      | Found an ornate altar of the Wu Jian Council.
  1378 | D:2      | Found a hazy altar of Hepliaklqana.
  1740 | D:2      | Reached XP level 4. HP: 31/42 MP: 2/4
  2031 | D:3      | Reached skill level 4 in Unarmed Combat
  2272 | D:4      | Noticed an orc warrior
  2348 | D:4      | Reached * piety under Ashenzari
  2373 | D:4      | Identified the Tome of Evil and the Glacier
  2421 | D:4      | Noticed Ijyb
  2447 | D:4      | Killed Ijyb
  2447 | D:4      | Reached XP level 5. HP: 29/50 MP: 2/5
  2614 | D:4      | Found a basalt altar of Yredelemnul.
  2866 | D:4      | Killed an orc warrior
  2954 | D:5      | Entered Level 5 of the Dungeon
  2996 | D:5      | Learned a level 3 spell: Spider Form
  3021 | D:5      | Reached XP level 6. HP: 37/61 MP: 4/6
  3144 | D:5      | Found a staircase to the Ecumenical Temple.
  3198 | D:5      | Reached skill level 5 in Unarmed Combat
  3574 | D:5      | Reached skill level 1 in Poison Magic
  3574 | D:5      | Reached XP level 7. HP: 55/67 MP: 8/8
  4156 | D:6      | Noticed Grinder
  4606 | D:6      | Killed Grinder
  4606 | D:6      | Reached XP level 8. HP: 69/79 MP: 7/10
  5001 | D:7      | Reached ** piety under Ashenzari
  5122 | D:7      | Reached skill level 5 in Dodging
  5155 | D:7      | Reached skill level 5 in Fighting
  5245 | D:7      | Reached skill level 6 in Unarmed Combat
  5319 | D:7      | Found a glowing silver altar of Zin.
  5365 | D:7      | Noticed a hippogriff
  5387 | D:7      | Killed a hippogriff
  5387 | D:7      | Reached skill level 7 in Unarmed Combat
  5387 | D:7      | Reached XP level 9. HP: 71/88 MP: 5/11
  6113 | D:8      | Found a runed translucent gate.
  6113 | D:8      | Found a runed translucent gate.
  6114 | D:8      | Found a runed translucent gate.
  6114 | D:8      | Noticed luab's ghost (novice GnVM)
  6116 | D:8      | Found a viscous altar of Jiyva.
  6171 | D:8      | Reached skill level 8 in Unarmed Combat
  6177 | D:8      | Learned a level 4 spell: Ice Form
  6670 | D:8      | Found a hide-covered altar of Uskayaw.
  6985 | D:9      | Noticed Erica
  7009 | D:9      | Killed Erica
  7009 | D:9      | Reached skill level 5 in Transmutations
  7009 | D:9      | Reached XP level 10. HP: 83/96 MP: 8/15
  7054 | D:9      | Reached skill level 1 in Ice Magic
  7180 | D:9      | Noticed a two-headed ogre
  7207 | D:8      | Killed a two-headed ogre
  7350 | D:9      | Noticed a two-headed ogre
  7367 | D:9      | Killed a two-headed ogre
  7367 | D:9      | Reached skill level 1 in Armour
  7455 | D:9      | Found a staircase to the Lair.
  7889 | D:9      | Found an opulent altar of Gozag.
  8087 | D:10     | Entered Level 10 of the Dungeon
  8087 | D:10     | Reached *** piety under Ashenzari
  8413 | D:10     | Reached XP level 11. HP: 107/107 MP: 13/16
  8672 | D:10     | Found a staircase to the Orcish Mines.
  9138 | Lair:1   | Entered Level 1 of the Lair of Beasts
  9749 | Lair:1   | Reached skill level 9 in Unarmed Combat
  9987 | Lair:1   | Reached **** piety under Ashenzari
 10311 | Lair:2   | Found a hole to the Spider Nest.
 10508 | Lair:2   | Identified Jaacajum's Grimoire of Shifting Heat
 10634 | Lair:2   | Noticed an eight-headed hydra
 10786 | D:9      | HP: 4/111 [eight-headed hydra (5)]
 10786 | D:9      | Mangled by an eight-headed hydra

Skill      XL: |  1  2  3  4  5  6  7  8  9 10 11 |
---------------+----------------------------------+-----
Fighting       | 1 2 3 4 5 6 8 |  8.0
Dodging        | 2 3 4 5 6 |  6.9
Unarmed Combat | 4 5 7 8 9 |  9.9
Transmutations | 2 3 5 |  5.0
Poison Magic   | 1 |  1.2
Spellcasting   | 2 4 |  4.0
Ice Magic      | 3 |  3.6
Armour         | 4 |  4.0

Action                   |  1- 3 |  4- 6 |  7- 9 | 10-12 || total
-------------------------+-------+-------+-------+-------++-------
Melee: Unarmed           |   107 |   138 |   312 |   431 ||   988
       Headbutt          |     1 |     3 |     2 |       ||     6
       Punch             |     1 |     3 |     3 |     2 ||     9
       Kick              |       |     3 |     7 |       ||    10
 Cast: Beastly Appendage |     3 |    10 |     3 |       ||    16
       Sticks to Snakes  |       |     4 |     7 |    18 ||    29
       Spider Form       |       |       |    22 |    21 ||    43
       Ice Form          |       |       |       |    11 ||    11
Invok: Curse Item        |       |     2 |       |       ||     2
  Use: Scroll            |     9 |     4 |     6 |     4 ||    23
       Potion            |       |     1 |     1 |       ||     2
 Stab: Sleeping          |     1 |       |       |       ||     1
  Eat: Chunk             |    21 |    18 |    35 |    41 ||   115
Armor: Robe              |    46 |    78 |    54 |    31 ||   209
       Skin              |       |       |    10 |    48 ||    58
Dodge: Dodged            |    57 |    98 |   169 |   308 ||   632
